 Dungeon Crawl Stone Soup version 0.21.1-1-g345015f (webtiles) character file.

1012 letownia2 the Skirmisher (level 8, -5/51 HPs)
             Began as a Tengu Air Elementalist on Mar 3, 2018.
             Killed from afar by Blork the orc (11 damage)
             ... with a puff of flame
             ... on level 6 of the Dungeon.
             The game lasted 00:22:36 (2556 turns).

letownia2 the Skirmisher (Tengu Air Elementalist)   Turns: 2556, Time: 00:22:37

Health: -5/51      AC:  3    Str:  9    XL:     8   Next: 21%
Magic:  4/13       EV: 13    Int: 17    God:
Gold:   155        SH:  0    Dex: 15    Spells: 5/12 levels left

rFire    . . .     SeeInvis .   a - +2 spear (pierce)
rCold    . . .     Gourm    .   (no shield)
rNeg     . . .     Faith    .   l - +0 leather armour
rPois    .         Spirit   .   (helmet restricted)
rElec    .         Reflect  .   (no cloak)
rCorr    .         Harm     .   (no gloves)
MR       .....                  (boots unavailable)
Stlth    ++........             (no amulet)
HPRegen  0.17/turn              (no ring)
MPRegen  0.13/turn              (no ring)

@: very slightly contaminated
A: beak, talons 3, able to fly 1
a: Fly


You were on level 6 of the Dungeon.
You were not hungry.

You visited 1 branch of the dungeon, and saw 6 of its levels.

You collected 155 gold pieces.

Inventory:

Hand Weapons
 a - a +2 spear of piercing (weapon)
 d - a +0 shortbow
 f - a +0 whip
Missiles
 w - 9 tomahawks (quivered)
 y - 69 arrows
Armour
 l - a +0 leather armour (worn)
Magical Staves
 b - an uncursed staff of poison
Scrolls
 e - 2 scrolls of remove curse
 j - a scroll of blinking
 m - 2 scrolls of identify
 n - a scroll of amnesia
 s - a scroll of fear {unknown}
Potions
 i - 2 potions of heal wounds
 k - a potion of haste {unknown}
 o - 2 potions of might {unknown}
 p - a potion of berserk rage {unknown}
 q - a potion of magic {unknown}
 v - a potion of agility {unknown}
 z - 3 potions of curing {unknown}
 A - a potion of mutation {unknown}
Books
 r - a book of Maledictions

   Spells                             Type                      Level
   a - Corona                         Hexes                        1
   b - Ensorcelled Hibernation        Hexes/Ice                    2
   c - Confuse                        Hexes                        3
   d - Tukima's Dance                 Hexes                        3
   e - Dazzling Spray                 Conjuration/Hexes            3
 B - a book of Air

   Spells                             Type                      Level
   a - Shock                          Conjuration/Air              1
   b - Swiftness                      Charms/Air                   2
   c - Static Discharge               Conjuration/Air              3
   d - Airstrike                      Air                          4
   e - Lightning Bolt                 Conjuration/Air              5
 C - a book of Frost

   Spells                             Type                      Level
   a - Freeze                         Ice                          1
   b - Throw Frost                    Conjuration/Ice              2
   c - Ozocubu's Armour               Charms/Ice                   3
   d - Throw Icicle                   Conjuration/Ice              4
   e - Summon Ice Beast               Ice/Summoning                4
Comestibles
 c - 9 rations
 u - a chunk of flesh


   Skills:
 - Level 5.9 Fighting
 - Level 2.7 Armour
 + Level 4.0 Dodging
 - Level 2.0 Stealth
 + Level 2.8 Spellcasting
 - Level 5.5 Conjurations
 + Level 0.7 Charms
 + Level 0.7 Ice Magic
 - Level 4.7 Air Magic


You had 5 spell levels left.
You knew the following spells:

 Your Spells              Type           Power        Failure   Level  Hunger
a - Shock                 Conj/Air       ###.         3%          1    #......
d - Static Discharge      Conj/Air       ###.....     9%          3    ###....
o - Ozocubu's Armour      Chrm/Ice       #.......     47%         3    ###....


Dungeon Overview and Level Annotations

Branches:
Dungeon (6/15)
 Temple: D:4-7

Altars:
Ashenzari
Gozag
Nemelex Xobeh
Wu Jian
Xom
The Shining One

Annotations:
D:5 Dowan, Duvessa
D:6 Blork the orc, Pikel


Innate Abilities, Weirdness & Mutations

You have a beak for a mouth.
You have claws for feet.
You can fly.


Message History

It is a scroll of enchant weapon.
Your +1 spear of piercing glows red for a moment.
Blork the orc casts a spell at you. The magic dart hits you!
As you read the scroll labeled BALAKHL VIUMUO, it crumbles to dust.
You feel strangely unstable.
It was a scroll of teleportation.
Blork the orc screams, "I'll crush all your ribs!
One by one!"
Blork the orc casts a spell at you. The puff of frost hits you!
Blork the orc screams, "I'll rip your head off!"
Blork the orc casts a spell at you. The magic dart hits you!
* * * LOW HITPOINT WARNING * * *
Your surroundings seem slightly different.
Blork the orc points at you and mumbles some strange words.
The puff of frost hits you!
* * * LOW HITPOINT WARNING * * *
Blork the orc casts a spell at you. The puff of flame hits you!
You die...

..##..[ #
#.........# #..
).# #.
####.........# #.#
#.# #.
#............#
##.###<#
#.###.############
#..pK..# ##.....#
#p###### #...o.##
..# #...##.## ###
#..# #..## #..
##.@## # ...
##..## #####.##
##..# ........#
##.### ........#
#().# ........#
###.## ........#
#..## <.......#
##..#####
........#
##.......##


You could see Blork the orc.

Vanquished Creatures
  An ice beast (D:5)
  A slave (D:5)
  2 phantoms (D:4)
  An ogre (D:5)
  2 centaurs (D:5)
  A bullfrog (D:5)
  2 scorpions (D:4)
  An orc priest (D:6)
  A hound (D:4)
  A worker ant (D:4)
  2 iguanas (D:4)
  4 gnolls (D:4)
  A howler monkey skeleton (D:5)
  8 adders
  A shadow imp (D:6)
  A worm (D:5)
  A leopard gecko (D:4)
  12 orcs
  2 ball pythons
  5 bats
  4 giant cockroaches
  5 goblins
  2 hobgoblins
  6 jackals
  5 quokkas
  A frilled lizard (D:3)
  5 kobolds
  8 rats
86 creatures vanquished.

Notes
Turn   | Place    | Note
-------+----------+-------------------------------------------
     0 | D:1      | letownia2 the Tengu Air Elementalist began the quest for the Orb.
     0 | D:1      | Reached XP level 1. HP: 10/10 MP: 4/4
   130 | D:1      | Reached XP level 2. HP: 4/15 MP: 0/6
   339 | D:3      | Reached XP level 3. HP: 18/19 MP: 2/7
   344 | D:3      | Learned a level 3 spell: Static Discharge
   411 | D:3      | Found a sparkling altar of Nemelex Xobeh.
   510 | D:3      | Reached skill level 5 in Conjurations
   510 | D:3      | Reached XP level 4. HP: 18/24 MP: 3/8
   615 | D:4      | Noticed a phantom
   657 | D:4      | Killed a phantom
   657 | D:4      | Reached skill level 1 in Fighting
   657 | D:4      | Reached skill level 1 in Armour
   657 | D:4      | Gained mutation: You can fly. [Tengu growth]
   657 | D:4      | Reached XP level 5. HP: 12/30 MP: 0/9
   696 | D:3      | Found a glowing golden altar of the Shining One.
   729 | D:3      | Found a shimmering altar of Xom.
   733 | D:3      | Found an ornate altar of the Wu Jian Council.
   742 | D:3      | Found an opulent altar of Gozag.
   903 | D:4      | Noticed a phantom
   971 | D:4      | Killed a phantom
   971 | D:4      | Reached XP level 6. HP: 17/36 MP: 0/10
  1158 | D:4      | Reached XP level 7. HP: 43/43 MP: 0/11
  1274 | D:4      | Found a shattered altar of Ashenzari.
  1385 | D:5      | Entered Level 5 of the Dungeon
  1418 | D:5      | Reached skill level 5 in Fighting
  1870 | D:5      | Reached XP level 8. HP: 28/51 MP: 5/12
  1947 | D:5      | Noticed Dowan
  1948 | D:5      | Noticed Duvessa
  2045 | D:4      | Learned a level 3 spell: Ozocubu's Armour
  2281 | D:5      | Learned a level 2 spell: Swiftness
  2347 | D:6      | Noticed Pikel
  2532 | D:6      | Noticed Blork the orc
  2556 | D:6      | Killed from afar by Blork the orc

Skill      XL: |  1  2  3  4  5  6  7  8 |
---------------+-------------------------+-----
Conjurations   | 2 4 5 |  5.5
Fighting       | 1 2 4 5 |  5.9
Armour         | 1 2 |  2.7
Dodging        | 3 4 |  4.0
Stealth        | |  2.0
Spellcasting   | |  2.8
Charms         | |  0.7
Ice Magic      | |  0.7
Air Magic      | |  4.7

Action                   |  1- 3 |  4- 6 |  7- 9 || total
-------------------------+-------+-------+-------++-------
Melee: Whip              |     5 |       |       ||     5
       Kick              |     3 |     1 |     5 ||     9
       Spear             |    10 |    18 |    15 ||    43
       Peck              |     2 |     1 |     3 ||     6
       Staff             |       |       |     2 ||     2
Throw: Throwing net      |       |       |     1 ||     1
       Tomahawk          |       |       |     1 ||     1
 Cast: Shock             |    37 |    61 |    70 ||   168
       Static Discharge  |       |       |     4 ||     4
       Swiftness         |       |       |     2 ||     2
  Use: Scroll            |       |       |     6 ||     6
  Eat: Chunk             |       |     2 |     6 ||     8
Armor: Robe              |    13 |       |       ||    13
       Leather armour    |       |     6 |     6 ||    12
Dodge: Dodged            |    18 |    17 |    54 ||    89
